 Dungeon Crawl Stone Soup version 0.20.1-1-g8b1a95d66d (webtiles) character file.

10363 Peloso the Carver (level 11, -10/97 HPs)
             Began as a Minotaur Fighter on Dec 26, 2017.
             Was a High Priest of Okawaru.
             Killed from afar by a gargoyle (23 damage)
             ... with a stone arrow
             ... in a labyrinth.
             The game lasted 00:17:30 (6486 turns).

Peloso the Carver (Minotaur Fighter)                Turns: 6486, Time: 00:17:31

Health: -10/97     AC: 16    Str: 23    XL:     11   Next: 35%
Magic:  11/11      EV:  7    Int:  5    God:    Okawaru [*****.]
Gold:   545        SH: 12    Dex: 11    Spells: 10/10 levels left

rFire    + + .     SeeInvis .   a - +0 long sword (vamp)
rCold    x . .     Gourm    .   c - +0 shield
rNeg     . . .     Faith    .   b - +0 plate armour
rPois    .         Spirit   .   (helmet restricted)
rElec    .         Reflect  .   (no cloak)
rCorr    .         Harm     .   (no gloves)
MR       .....                  E - +0 pair of boots
Stlth    ..........             t - amulet of regeneration
Regen    0.7/turn               C - ring of fire
MPRegen  0.2/turn               v - ring of protection from fire

@: about to teleport
A: retaliatory headbutt, horns 2
a: Heroism, Finesse, Renounce Religion


You were in a labyrinth.
You worshipped Okawaru.
Okawaru was extremely pleased with you.
You were very hungry.

You visited 3 branches of the dungeon, and saw 10 of its levels.
You also visited: Labyrinth.

You collected 545 gold pieces.

Inventory:

Hand Weapons
 a - a +0 vampiric long sword (weapon)
Armour
 b - a +0 plate armour (worn)
 c - a +0 shield (worn)
 E - a +0 pair of boots (worn)
Jewellery
 q - a +2 ring of intelligence
 t - an amulet of regeneration (around neck)
 v - a ring of protection from fire (right hand)
 C - a ring of fire (left hand)
Wands
 s - a wand of paralysis (11/24)
 w - a wand of scattershot (0/9)
 x - a wand of confusion (10/48)
 B - a wand of scattershot (4/9)
 F - a wand of polymorph (17/24)
 I - a wand of enslavement (14/24)
Scrolls
 g - 3 scrolls of remove curse
 n - 4 scrolls of teleportation
 y - a scroll of blinking
 H - a scroll of vulnerability {unknown}
Potions
 d - 2 potions of might
 e - a potion of magic
 h - 3 potions of flight
 j - 3 potions of resistance
 k - 2 potions of brilliance {unknown}
 l - 2 potions of heal wounds {unknown}
 m - a potion of mutation {unknown}
 o - 2 potions of haste {unknown}
 p - 2 potions of ambrosia {unknown}
 r - a potion of invisibility {unknown}
 A - 6 potions of curing {unknown}
Comestibles
 f - 10 bread rations
 i - 3 chunks of flesh
 u - 6 royal jellies
 z - 3 meat rations


   Skills:
 + Level 9.5 Fighting
 + Level 12.4 Long Blades
 + Level 11.2 Armour
 + Level 3.4 Dodging
 + Level 0.1 Stealth
 + Level 10.3 Shields
 + Level 0.9 Unarmed Combat
 + Level 1.6 Invocations


You had 10 spell levels left.
You didn't know any spells.

Dungeon Overview and Level Annotations

Branches:
Dungeon (8/15)             Temple (1/1) D:6            Lair (1/6) D:8

Altars:
Ashenzari
Dithmenos
Elyvilon
Hepliaklqana
Kikubaaqudgha
Nemelex Xobeh
Okawaru
Sif Muna
Trog
Uskayaw
Vehumet
Xom
Zin

Shops:
D:5 (

Annotations:
D:8 Prince Ribbit


Innate Abilities, Weirdness & Mutations

You reflexively headbutt those who attack you in melee.
You have a pair of horns on your head.


Message History

The gargoyle hurls a stone arrow at you.
The stone arrow hits you!
* * * LOW HITPOINT WARNING * * *
The gargoyle hurls a stone arrow at you.
The stone arrow misses you.
The gargoyle hurls a stone arrow at you.
You block the stone arrow.
Okay, then.
As you read the scroll of teleportation, it crumbles to dust.
You feel strangely unstable.
You hit the gargoyle but do no damage. You block the gargoyle's attack.
Unknown command.
You hit the gargoyle.
The gargoyle is lightly damaged.
The gargoyle hurls a stone arrow at you.
The stone arrow hits you!
* * * LOW HITPOINT WARNING * * *
The gargoyle hurls a stone arrow at you.
The stone arrow hits you!
You die...

.. # ## # # #
. . #.#
####.##.###.#
#
#..#....#.#.
# #. . ####.#
## . #
#..#.#...#
......#...#.#
.
#...#...89#9#
#.#.####)##@#
...#. #.. #9#
.# ## ###
......# ..
#....##.###
###.. [..
#.##. #. ##
.. .## # . #
#


You could see 2 gargoyles.

Vanquished Creatures
  A centaur warrior (D:8)
  A two-headed ogre (D:8)
  5 death yaks (D:8)
  Pikel (D:6)
  2 gargoyles
  A troll (D:8)
  5 blink frogs (Lair:1)
  2 redbacks (Lab)
  A spriggan (D:7)
  2 yaks (D:8)
  Eustachio (D:4)
  2 orc warriors
  An ice beast (D:7)
  3 sky beasts
  A black bear (D:8)
  3 ogres
  4 centaurs
  A crocodile (D:7)
  3 bullfrogs
  3 scorpions
  The ghost of uvhash the Slasher, a weakling DsAK of Lugonu (D:3)
  5 wights (D:7)
  3 crimson imps
  4 hounds
  4 jellies
  6 orc priests (D:7)
  4 orc wizards
  A bullfrog skeleton (D:8)
  4 worker ants
  3 iguanas
  A hound skeleton (D:7)
  2 howler monkey skeletons (D:8)
  8 adders
  7 gnolls (D:8)
  An adder zombie (D:5)
  A dart slug (D:1)
  7 leopard geckos
  18 orcs
  4 bats
  3 giant cockroaches
  11 goblins
  3 hobgoblins
  7 jackals
  10 kobolds
  3 ball pythons
  3 frilled lizards
  A jackal zombie (D:5)
  2 quokka skeletons
  5 rats
175 creatures vanquished.

Vanquished Creatures (others)
  A slave (D:6)
  An iguana (D:6)
2 creatures vanquished.

Grand Total: 177 creatures vanquished

Notes
Turn   | Place    | Note
-------+----------+-------------------------------------------
     0 | D:1      | Peloso the Minotaur Fighter began the quest for the Orb.
     0 | D:1      | Reached XP level 1. HP: 19/19 MP: 0/0
    88 | D:1      | Reached XP level 2. HP: 22/27 MP: 1/1
   870 | D:2      | Reached XP level 3. HP: 33/33 MP: 2/2
  1349 | D:3      | Reached skill level 3 in Long Blades
  1411 | D:3      | Noticed uvhash's ghost (weakling DsAK)
  1422 | D:3      | Killed uvhash's ghost
  1422 | D:3      | Reached XP level 4. HP: 40/41 MP: 3/3
  1503 | D:3      | Noticed a centaur
  1510 | D:3      | Killed a centaur
  1510 | D:3      | Reached skill level 4 in Long Blades
  1510 | D:3      | Reached XP level 5. HP: 26/47 MP: 4/4
  1828 | D:4      | Reached skill level 1 in Dodging
  2093 | D:4      | Reached skill level 5 in Long Blades
  2093 | D:4      | Reached XP level 6. HP: 25/55 MP: 5/5
  2197 | D:4      | Noticed Eustachio
  2243 | D:4      | Killed Eustachio
  2243 | D:4      | Reached skill level 5 in Fighting
  2243 | D:4      | Reached skill level 5 in Armour
  2243 | D:4      | Reached skill level 5 in Shields
  2649 | D:5      | Entered Level 5 of the Dungeon
  2684 | D:5      | Reached XP level 7. HP: 44/61 MP: 6/6
  2698 | D:5      | Reached skill level 6 in Long Blades
  2760 | D:5      | Found Efraki's Antique Weapon Boutique.
  3088 | D:5      | Reached skill level 7 in Long Blades
  3542 | D:6      | Reached XP level 8. HP: 70/70 MP: 7/7
  3800 | D:6      | Found a staircase to the Ecumenical Temple.
  3803 | D:6      | Noticed Pikel
  3819 | D:6      | Killed Pikel
  3819 | D:6      | Reached skill level 8 in Long Blades
  3843 | Temple   | Entered the Ecumenical Temple
  3859 | Temple   | Became a worshipper of Warmaster Okawaru
  4096 | D:6      | Reached skill level 9 in Long Blades
  4096 | D:6      | Reached XP level 9. HP: 74/75 MP: 8/8
  4476 | D:7      | Reached * piety under Okawaru
  4647 | D:7      | Reached skill level 10 in Long Blades
  4831 | D:8      | Noticed a centaur warrior
  4856 | D:8      | Killed a centaur warrior
  5001 | D:8      | Reached ** piety under Okawaru
  5199 | D:8      | Reached XP level 10. HP: 56/86 MP: 9/9
  5278 | D:8      | Noticed a gargoyle
  5287 | D:8      | Killed a gargoyle
  5517 | D:8      | Noticed a death yak
  5518 | D:8      | Noticed a two-headed ogre
  5543 | D:8      | Killed a death yak
  5549 | D:8      | Noticed a death yak
  5550 | D:8      | Noticed a death yak
  5550 | D:8      | Noticed a death yak
  5550 | D:8      | Noticed a death yak
  5596 | D:8      | Killed a death yak
  5596 | D:8      | Reached skill level 11 in Long Blades
  5613 | D:8      | Killed a death yak
  5613 | D:8      | Reached *** piety under Okawaru
  5613 | D:8      | Reached skill level 10 in Armour
  5638 | D:8      | Killed a death yak
  5638 | D:8      | Reached **** piety under Okawaru
  5646 | D:8      | Reached skill level 1 in Invocations
  5717 | D:8      | Killed a death yak
  5773 | D:8      | Found a staircase to the Lair.
  5816 | D:8      | Reached XP level 11. HP: 90/97 MP: 10/10
  5833 | D:8      | Reached skill level 12 in Long Blades
  5941 | D:8      | Noticed Prince Ribbit
  6021 | D:8      | Killed a two-headed ogre
  6192 | Lair:1   | Entered Level 1 of the Lair of Beasts
  6258 | Lair:1   | Reached skill level 10 in Shields
  6274 | Lair:1   | Reached ***** piety under Okawaru
  6317 | Lair:1   | Found a labyrinth entrance.
  6326 | Lab      | Entered a labyrinth
  6486 | Lab      | Killed from afar by a gargoyle

Skill      XL: |  1  2  3  4  5  6  7  8  9 10 11 |
---------------+----------------------------------+-----
Fighting       | 4 5 6 7 9 |  9.5
Shields        | 4 5 6 7 8 9 10 | 10.3
Armour         | 4 5 7 8 10 11 | 11.2
Long Blades    | 3 4 5 7 9 10 11 12 | 12.4
Dodging        | 1 2 3 |  3.4
Invocations    | 1 |  1.6
Stealth        | |  0.1
Unarmed Combat | |  0.9

Action                   |  1- 3 |  4- 6 |  7- 9 | 10-12 || total
-------------------------+-------+-------+-------+-------++-------
Melee: Long sword        |   103 |   111 |   372 |   247 ||   833
       Headbutt          |    17 |    22 |    80 |    82 ||   201
       Unarmed           |       |       |     6 |       ||     6
Invok: Heroism           |       |       |       |     5 ||     5
Evoke: Wand              |       |       |     1 |       ||     1
  Use: Scroll            |       |     4 |       |     7 ||    11
  Eat: Chunk             |     1 |     5 |     8 |     2 ||    16
       Fruit             |       |       |     3 |       ||     3
       Royal jelly       |       |       |     1 |     1 ||     2
Armor: Scale mail        |    24 |       |       |       ||    24
       Chain mail        |    30 |    72 |   141 |     4 ||   247
       Plate armour      |       |       |       |    70 ||    70
Dodge: Dodged            |    23 |    27 |    66 |    42 ||   158
Block: Shield            |    51 |    69 |   169 |   111 ||   400
       Rpst.: Long sword |     3 |     9 |    13 |    10 ||    35
